 Dungeon Crawl Stone Soup version 0.23.0-3-gf3c87f2 (webtiles) character file.

Game seed: 16448253137310041294

21158 poirepourri the Grappler (level 12, -5/115 (116) HPs)
             Began as a Ghoul Gladiator on Feb 22, 2019.
             Was a High Priest of Cheibriados.
             Killed from afar by Azrael (26 damage)
             ... with damnation
             ... on level 13 of the Dungeon.
             The game lasted 00:21:14 (11529 turns).

poirepourri the Grappler (Ghoul Gladiator)         Turns: 11529, Time: 00:21:15

HP:   -5/115 (116)  AC: 13    Str: 37    XL:     12   Next: 87%
MP:   11/11         EV: 22    Int: 10    God:    Cheibriados [*****.]
Gold: 985           SH:  0    Dex: 25    Spells: 11/11 levels left

rFire    . . .     SeeInvis .     - Unarmed
rCold    . . .     Gourm    .   (no shield)
rNeg     + + +     Faith    .   G - +3 leather armour of Jirerr {rElec rN++ MR+ Int-4}
rPois    ∞         Spirit   .   y - +2 helmet
rElec    +         Reflect  .   g - +2 cloak
rCorr    +         Harm     .   D - +0 pair of gloves "Relig" {rF- Str+7}
MR       +....                  (no boots)
Stlth    +.........             A - amulet of the acrobat
HPRegen  0.00/turn              m - ring of resist corrosion
MPRegen  0.12/turn              E - ring of fire

@: liquid flames, rotting, glowing, very slow
A: rotting body, claws 1, carnivore, cold resistance 1, negative energy
resistance 3, inhibited regeneration, torment resistance, unbreathing
a: Bend Time, Temporal Distortion, Slouch, Step From Time, Renounce Religion


You were on level 13 of the Dungeon.
You worshipped Cheibriados.
Cheibriados was extremely pleased with you.
You were not hungry.

You visited 2 branches of the dungeon, and saw 14 of its levels.

You collected 985 gold pieces.

Inventory:

Missiles
 c - 5 throwing nets
 k - 6 javelins
 q - 4 steel tomahawks
 r - 17 tomahawks (quivered)
Armour
 g - a +2 cloak (worn)
 y - a +2 helmet (worn)
 D - the +0 pair of gloves "Relig" (worn) {rF- Str+7}
   (You acquired it on level 11 of the Dungeon)

   It affects your strength (+7).
   It makes you vulnerable to fire.
 G - the +3 leather armour of Jirerr (worn) {rElec rN++ MR+ Int-4}
   (You found it on level 8 of the Dungeon)

   It affects your intelligence (-4).
   It insulates you from electricity.
   It greatly protects you from negative energy.
   It affects your resistance to hostile enchantments.
Jewellery
 l - a +2 ring of evasion
 m - a ring of resist corrosion (left hand)
 A - an amulet of the acrobat (around neck)
 B - an uncursed ring of flight
 E - a ring of fire (right hand)
 H - an uncursed ring of protection from cold
 K - a +2 ring of dexterity {unknown}
Wands
 e - a wand of random effects (19)
 j - a wand of polymorph (7)
 v - a wand of flame (91)
 w - a wand of enslavement (6)
Scrolls
 h - 6 scrolls of remove curse
 o - 5 scrolls of teleportation
 u - 3 scrolls of enchant weapon
 x - a scroll of magic mapping
 C - 2 scrolls of identify
 F - a scroll of enchant armour
 J - a scroll of fear
Potions
 a - a potion of curing
 b - 3 potions of haste
 f - a potion of resistance
 i - 2 potions of flight
 p - 3 potions of magic
 s - 2 potions of berserk rage
 t - 2 potions of mutation
 z - 2 potions of lignification
 I - a potion of invisibility
Comestibles
 d - 22 rations


   Skills:
 + Level 13.8 Fighting
 - Level 1.7 Throwing
 - Level 10.0 Dodging
 - Level 14.0 Unarmed Combat


You had 11 spell levels left.
You didn't know any spells.
Your spell library contained the following spells:

 Spells                   Type           Power        Failure   Level  Hunger
 Confusing Touch          Hex            #.....       38%         1    ##.....
 Confuse                  Hex            #.......     77%         3    ####...
 Gell's Gravitas          Tloc           #.........   77%         3    ####...
 Petrify                  Tmut/Erth      #.......     99%         4    #####..
 Metabolic Englaciation   Hex/Ice        #.........   100%        5    ######.
 Yara's Violent Unravell  Hex/Tmut       #.........   100%        5    ######.


Dungeon Overview and Level Annotations

Branches:
Dungeon (13/15)            Temple (1/1) D:6            Lair (0/6) D:10
    Orc (0/2) D:12
 Vaults: D:13-14

Altars:
Ashenzari
Cheibriados
Dithmenos
Elyvilon
Fedhas
Gozag
Hepliaklqana
Kikubaaqudgha
Makhleb
Nemelex Xobeh
Okawaru
Qazlal
Ru
Sif Muna
Trog
Uskayaw
Vehumet
Wu Jian
Xom
Yredelemnul
Zin
The Shining One

Shops:
D:8 }

Annotations:
D:8 2 transporters, inmateoo's ghost, novice OpTm
D:13 Azrael


Innate Abilities, Weirdness & Mutations

Your body is rotting away.
You thrive on raw meat.
You are immune to poison.
You have sharp fingernails.
You are carnivorous and can eat meat at any time.
Your flesh is cold resistant. (rC+)
You are immune to negative energy. (rN+++)
You do not regenerate when monsters are visible.
You are immune to unholy pain and torment.
You can survive without breathing.


Message History

You are too injured to fight recklessly!
You are too injured to fight recklessly!
You are too injured to fight recklessly!
Unknown command.
Unknown command.
You punch Azrael! You punch Azrael, but do no damage.
Azrael is almost dead.
You are covered in liquid flames!
Azrael gestures at you.
The sphere of damnation explodes!
The damnation engulfs you!!
* * * LOW HITPOINT WARNING * * *
The damnation engulfs Azrael.
Azrael completely resists.
Unknown command.
You barely miss Azrael.
Azrael is almost dead.
You are covered in liquid flames!
* * * LOW HITPOINT WARNING * * *
Azrael gestures at you.
The sphere of damnation explodes!
The damnation engulfs you!!
You die...

#..# #..# #..# #..# #..#
#..# ##..#
....####################
................@R......
.....###################
.....# .....# .....#
...>}# ....... ########


You could see Azrael.

Vanquished Creatures
  A hydra (D:12)
  Erolcha (D:9)
  Erica (D:8)
  2 centaur warriors (D:13)
  2 two-headed ogres (D:12)
  A skeletal warrior (D:12)
  A wizard (D:12)
  3 unseen horrors
  Pikel (D:9)
  An ugly thing (D:13)
  2 cyclopes (D:13)
  2 manticores
  Joseph (D:8)
  A gargoyle (D:11)
  A komodo dragon (D:10)
  A troll (D:11)
  Prince Ribbit (D:5)
  A slime creature (D:12)
  3 hippogriffs
  A vampire (D:13)
  Sigmund (D:3)
  8 yaks
  A wraith (D:12)
  2 hungry ghosts
  A basilisk (D:13)
  2 fire elementals (D:13)
  A soldier ant (D:13)
  Edmund (D:4)
  3 hell hounds (D:13)
  3 water moccasins
  9 orc warriors
  6 ice beasts
  A black bear (D:13)
  An eye of draining (D:13)
  3 phantoms
  4 sky beasts
  7 ogres
  2 centaurs
  2 big kobolds (D:9)
  Blork the orc (D:6)
  5 bullfrogs
  A gnoll sergeant (D:8)
  3 scorpions
  A water moccasin skeleton (D:4)
  6 killer bees
  2 jellies
  7 howler monkeys
  3 wights (D:10)
  8 crimson imps
  A quasit (D:8)
  11 hounds
  A bullfrog skeleton (D:9)
  3 orc priests
  Crazy Yiuf (D:2)
  3 centaur skeletons
  11 orc wizards
  Ijyb (D:5)
  2 iguanas
  8 worker ants
  Natasha (thrice) (D:2)
  3 hound skeletons
  11 gnolls
  12 adders
  4 shadow imps
  3 oozes
  3 adder skeletons
  3 worms
  2 dart slugs
  5 leopard geckos
  76 orcs
  9 giant cockroaches
  8 goblins
  8 hobgoblins
  21 jackals
  11 kobolds
  7 quokkas
  2 ball pythons
  6 bats
  3 frilled lizards
  A jackal skeleton (D:4)
  A quokka zombie (D:8)
  9 rats
376 creatures vanquished.

Vanquished Creatures (others)
  A manticore (D:13)
  A plant (D:10)
2 creatures vanquished.

Grand Total: 378 creatures vanquished

Notes
Turn   | Place    | Note
-------+----------+-------------------------------------------
     0 | D:1      | poirepourri the Ghoul Gladiator began the quest for the
                  | Orb.
     0 | D:1      | Reached XP level 1. HP: 17/17 MP: 0/0
    62 | D:1      | Reached XP level 2. HP: 20/23 MP: 1/1
    64 | D:1      | Reached skill level 4 in Unarmed Combat
   271 | D:1      | Reached XP level 3. HP: 22/29 MP: 2/2
   553 | D:2      | Reached skill level 5 in Unarmed Combat
   587 | D:2      | Noticed Natasha
   595 | D:2      | Killed Natasha
   595 | D:2      | Reached XP level 4. HP: 28/36 MP: 3/3
   633 | D:2      | Found a glowing silver altar of Zin.
   682 | D:2      | Noticed Natasha
   689 | D:2      | Killed Natasha
   702 | D:2      | Reached skill level 6 in Unarmed Combat
   726 | D:2      | Noticed Natasha
   738 | D:2      | Killed Natasha
   738 | D:2      | Reached XP level 5. HP: 8/41 MP: 4/4
  1008 | D:2      | Found a glowing golden altar of the Shining One.
  1072 | D:2      | Found a runed translucent door.
  1073 | D:2      | Noticed Crazy Yiuf
  1381 | D:2      | Killed Crazy Yiuf
  1442 | D:3      | Noticed Sigmund
  1511 | D:3      | Killed Sigmund
  1511 | D:3      | Reached skill level 7 in Unarmed Combat
  1511 | D:3      | Reached XP level 6. HP: 32/48 MP: 5/5
  1544 | D:3      | Found a stormy altar of Qazlal.
  1684 | D:3      | Reached skill level 8 in Unarmed Combat
  1830 | D:3      | Reached XP level 7. HP: 53/55 MP: 6/6
  1896 | D:3      | Found a faded altar of an unknown god.
  2307 | D:4      | Reached skill level 9 in Unarmed Combat
  2542 | D:4      | Noticed Edmund
  2551 | D:4      | Killed Edmund
  2749 | D:5      | Entered Level 5 of the Dungeon
  2749 | D:5      | Found a sacrificial altar of Ru.
  2805 | D:5      | Noticed Prince Ribbit
  2813 | D:5      | Killed Prince Ribbit
  2813 | D:5      | Reached skill level 10 in Unarmed Combat
  2813 | D:5      | Reached XP level 8. HP: 59/61 MP: 7/7
  2883 | D:5      | Noticed Ijyb
  2890 | D:5      | Killed Ijyb
  2996 | D:5      | Reached skill level 5 in Fighting
  3592 | D:6      | Reached XP level 9. HP: 71/78 MP: 8/8
  3592 | D:6      | Noticed Blork the orc
  3600 | D:6      | Killed Blork the orc
  3755 | D:6      | Found a staircase to the Ecumenical Temple.
  3846 | Temple   | Entered the Ecumenical Temple
  3998 | D:6      | Found a shattered altar of Ashenzari.
  4244 | D:6      | Found a hide-covered altar of Uskayaw.
  4655 | D:7      | Found a basalt altar of Yredelemnul.
  4897 | D:8      | Found a transporter.
  4898 | D:8      | Found a transporter.
  4940 | D:8      | Noticed Joseph
  4959 | D:8      | Killed Joseph
  4959 | D:8      | Reached skill level 10 in Fighting
  5093 | D:8      | Found a burning altar of Makhleb.
  5345 | D:8      | Noticed a moth of wrath
  5346 | D:8      | Found a bloodstained altar of Trog.
  5373 | D:8      | Noticed inmateoo's ghost (novice OpTm)
  5466 | D:8      | Found an ornate altar of the Wu Jian Council.
  5555 | D:8      | Got a twisted leather armour
  5566 | D:8      | Identified the +3 leather armour of Jirerr {rElec rN++ MR+
                  | Int-4} (You found it on level 8 of the Dungeon)
  5566 | D:8      | Lost intelligence.
  5746 | D:8      | Reached skill level 5 in Dodging
  5746 | D:8      | Reached XP level 10. HP: 84/93 MP: 9/9
  5862 | D:8      | Found Vuelucs's Gadget Boutique.
  5896 | D:8      | Noticed Erica
  5905 | D:8      | Killed Erica
  6327 | D:9      | Found a shadowy altar of Dithmenos.
  6338 | D:9      | Found a sparkling altar of Nemelex Xobeh.
  6351 | D:9      | Found a burning altar of Makhleb.
  6731 | D:9      | Noticed Pikel
  6747 | D:9      | Killed Pikel
  6776 | D:9      | Noticed Erolcha
  6787 | D:9      | Killed Erolcha
  7071 | D:9      | Found a shattered altar of Ashenzari.
  7071 | D:9      | Found an iron altar of Okawaru.
  7072 | D:9      | Found a snail-covered altar of Cheibriados.
  7219 | D:9      | Became a worshipper of Cheibriados the Contemplative
  7332 | D:10     | Entered Level 10 of the Dungeon
  7350 | D:10     | Reached XP level 11. HP: 99/99 MP: 10/10
  7418 | D:10     | Reached skill level 10 in Dodging
  7540 | D:10     | Found a staircase to the Lair.
  7584 | D:10     | Reached skill level 11 in Unarmed Combat
  7643 | D:10     | Reached * piety under Cheibriados
  8058 | D:11     | Identified a scroll of acquirement
  8061 | D:11     | Got a pair of scorched gloves
  8067 | D:11     | Identified the +0 pair of gloves "Relig" {rF- Str+7} (You
                  | acquired it on level 11 of the Dungeon)
  8498 | D:11     | Noticed a manticore
  8510 | D:11     | Killed a manticore
  8540 | D:11     | Reached skill level 12 in Unarmed Combat
  9009 | D:12     | Noticed a wizard
  9013 | D:12     | Paralysed by a wizard for 7 turns
  9023 | D:12     | Killed a wizard
  9027 | D:12     | Noticed a five-headed hydra
  9035 | D:12     | Killed a five-headed hydra
  9035 | D:12     | Reached ** piety under Cheibriados
  9035 | D:12     | Reached skill level 13 in Unarmed Combat
  9566 | D:12     | Noticed a manticore
  9789 | D:12     | Reached *** piety under Cheibriados
  9822 | D:12     | Killed an unseen horror
  9866 | D:12     | Killed a manticore
  9866 | D:12     | Reached skill level 14 in Unarmed Combat
  9866 | D:12     | Reached XP level 12. HP: 78/106 MP: 11/11
  9891 | D:12     | Noticed a two-headed ogre
  9894 | D:12     | Killed a two-headed ogre
  9894 | D:12     | Noticed a two-headed ogre
  9906 | D:12     | Killed a two-headed ogre
 10212 | D:12     | Found a staircase to the Orcish Mines.
 10702 | D:13     | Reached **** piety under Cheibriados
 10725 | D:13     | Noticed a centaur warrior
 11016 | D:13     | Killed a centaur warrior
 11232 | D:13     | Noticed a centaur warrior
 11249 | D:13     | Killed a centaur warrior
 11340 | D:13     | Reached ***** piety under Cheibriados
 11511 | D:13     | Noticed Azrael
 11529 | D:13     | Killed from afar by Azrael

Skill      XL: |  1  2  3  4  5  6  7  8  9 10 11 12 |
---------------+-------------------------------------+-----
Unarmed Combat | 4 5 6 7 8 10 14 | 14.0
Fighting       | 7 10 13 | 13.8
Dodging        | 5 9 10 | 10.0
Throwing       | |  1.7

Action                   |  1- 3 |  4- 6 |  7- 9 | 10-12 || total
-------------------------+-------+-------+-------+-------++-------
Melee: Unarmed           |    89 |   127 |   385 |   663 ||  1264
       Punch             |     1 |     5 |    14 |    55 ||    75
Evoke: Wand              |       |       |     2 |     8 ||    10
  Use: Scroll            |     4 |       |    17 |    10 ||    31
       Potion            |       |     9 |     2 |     1 ||    12
 Stab: Sleeping          |       |     4 |       |       ||     4
       Invisible         |       |     1 |       |       ||     1
  Eat: Chunk             |     8 |     6 |     6 |    24 ||    44
       Ration            |       |       |     4 |     3 ||     7
Armor: Leather armour    |    22 |    38 |    85 |   147 ||   292
Dodge: Dodged            |    46 |    89 |   238 |   781 ||  1154
